 Dungeon Crawl Stone Soup version 0.25-a0-516-g7d600cd (webtiles) character file.

Game seed: 6832888645528090830, levelgen mode: deterministic

983 wolfsongas the Sneak (level 8, 0/56 HPs)
             Began as an Octopode Wanderer on Feb 16, 2020.
             Was an Initiate of Gozag.
             Slain by a jelly (1 damage)
             ... on level 6 of the Dungeon.
             The game lasted 00:08:08 (5228 turns).

wolfsongas the Sneak (Octopode Wanderer)            Turns: 5228, Time: 00:08:09

Health: 0/56       AC: -11   Str: 10    XL:     8   Next: 17%
Magic:  0/9        EV: 16    Int: 13    God:    Gozag
Gold:   490        SH:  0    Dex: 16    Spells: 7/7 levels left

rFire    . . .     SeeInvis .   o - +0 war axe
rCold    . . .     Gourm    .   (no shield)
rNeg     . . .     Faith    .   (helmet restricted)
rPois    .         Spirit   +   g - amulet of guardian spirit
rElec    .         Reflect  .   (no ring)
rCorr    .         Harm     .   (no ring)
MR       .....                  (no ring)
Stlth    +++++.....             (no ring)
HPRegen  0.18/turn              (no ring)
MPRegen  0.11/turn              (no ring)
                                (no ring)
                                (no ring)

@: corroded, gold aura
A: almost no armour, stealthy swim, amphibious, 8 rings, constrict 8, camouflage
1, gelatinous body 1
a: Potion Petition, Call Merchant, Bribe Branch, Renounce Religion


You were on level 6 of the Dungeon.
You worshipped Gozag.
Gozag was aware of your devotion.
You were not hungry.

You visited 1 branch of the dungeon, and saw 6 of its levels.

You collected 497 gold pieces.
You paid 7 gold pieces to Gozag.

Inventory:

Hand Weapons
 b - a +0 quarterstaff
 o - a +0 war axe (weapon)
Jewellery
 g - an amulet of guardian spirit (around mantle)
Scrolls
 f - 3 scrolls of remove curse
 h - a scroll of teleportation
 m - a scroll of identify
Potions
 c - 3 potions of curing
 e - 2 potions of agility
 i - a potion of resistance {unknown}
 j - 2 potions of lignification
 k - a potion of might {unknown}
 l - a potion of mutation {unknown}
 n - a potion of degeneration {unknown}
Comestibles
 d - 5 rations


   Skills:
 + Level 5.4 Fighting
   Level 1.0 Short Blades
 - Level 5.0 Axes
 * Level 4.4 Dodging
 + Level 7.8 Stealth
   Level 2.1 Evocations


You had 7 spell levels left.
You didn't know any spells.
Your spell library was empty.

Dungeon Overview and Level Annotations

Branches:
Dungeon (6/15)             Temple (0/1) D:5

Altars:
Dithmenos
Gozag


Innate Abilities, Weirdness & Mutations

You cannot wear most types of armour.
You are very stealthy in the water. (Stealth+)
You are amphibious.
You can wear up to eight rings at the same time.
You can use your tentacles to constrict eight enemies at once.
Your skin changes colour to match your surroundings (Stealth+).
Your rubbery body absorbs attacks. (AC +1, EV +1)


Message History

The killer bee zombie barely misses you.
The howler monkey hits you.
* * * LOW HITPOINT WARNING * * *
The killer bee zombie closely misses you.
The jelly misses you.
You hit the killer bee zombie but do no damage.
The killer bee zombie is almost destroyed.
You hit the howler monkey.
You kill the howler monkey!
You hit the jelly but do no damage. The acid corrodes you!
Your tentacles burn!
* * * LOW HITPOINT WARNING * * *
You constrict the killer bee zombie.
You destroy the killer bee zombie!
The jelly hits you.
* * * LOW HITPOINT WARNING * * *
You are splashed with acid!
* * * LOW HITPOINT WARNING * * *
The jelly hits you.
You die...
Your body crumbles into a pile of gold.

#.. .# #.# #.# #.# #.#
#########.###.########
..............^......#
#...........######'##
#...........#.......#
#...$@......#.#.....#
......J$...##.#.#.....#
...........##.#.#.....#
...........##.#.......##
.##...###.###...##......
#... #.# ###.#######.
..... ..#####.........
##... ..##.....######.
#......#.....


You could see a jelly.

Vanquished Creatures
  Grinder (D:3)
  Eustachio (D:5)
  An ice beast (D:5)
  A phantom (D:5)
  2 howler monkeys
  2 hounds
  A bullfrog skeleton (D:4)
  4 worker ants
  Natasha (thrice) (D:2)
  A killer bee zombie (D:6)
  A hound skeleton (D:5)
  4 adders
  2 oozes
  An adder skeleton (D:5)
  2 adder zombies
  A dart slug (D:3)
  2 worms (D:4)
  2 leopard geckos
  3 orcs
  3 bats
  A giant cockroach (D:1)
  8 goblins
  4 hobgoblins
  16 jackals
  A quokka (D:2)
  A ball python (D:5)
  9 frilled lizards
  7 kobolds
  5 rats
90 creatures vanquished.

Notes
Turn   | Place    | Note
-------+----------+-------------------------------------------
     0 | D:1      | wolfsongas the Octopode Wanderer began the quest for the
                  | Orb.
     0 | D:1      | wolfsongas set off with the following items: a +2 hand axe,
                  | a +0 quarterstaff, a potion of curing, a ration
     0 | D:1      | Reached XP level 1. HP: 16/16 MP: 2/2
    43 | D:1      | Reached skill level 1 in Stealth
    47 | D:1      | Reached XP level 2. HP: 12/21 MP: 3/3
   348 | D:1      | Reached skill level 2 in Stealth
   845 | D:1      | Reached XP level 3. HP: 23/26 MP: 4/4
  1260 | D:2      | Reached skill level 3 in Stealth
  1397 | D:2      | Noticed Natasha
  1432 | D:2      | Killed Natasha
  1432 | D:2      | Reached XP level 4. HP: 18/31 MP: 3/5
  1798 | D:2      | Noticed Natasha
  1807 | D:2      | Killed Natasha
  1807 | D:2      | Reached skill level 4 in Stealth
  1819 | D:2      | Noticed Natasha
  2033 | D:2      | Found an opulent altar of Gozag.
  2215 | D:2      | Killed Natasha
  2215 | D:2      | Reached XP level 5. HP: 28/37 MP: 6/6
  2230 | D:2      | Became a worshipper of Gozag Ym Sagoz the Greedy
  2253 | D:2      | Found a faded altar of an unknown god.
  2518 | D:3      | Noticed Grinder
  2635 | D:3      | Killed Grinder
  2635 | D:3      | Reached skill level 5 in Axes
  2635 | D:3      | Reached skill level 6 in Stealth
  2635 | D:3      | Reached XP level 6. HP: 25/44 MP: 4/7
  3605 | D:4      | Reached skill level 1 in Dodging
  3738 | D:4      | Reached XP level 7. HP: 46/49 MP: 8/8
  4090 | D:5      | Entered Level 5 of the Dungeon
  4098 | D:5      | Found an opulent altar of Gozag.
  4193 | D:5      | Reached skill level 7 in Stealth
  4481 | D:5      | Reached skill level 5 in Fighting
  4705 | D:5      | Found a staircase to the Ecumenical Temple.
  4838 | D:5      | Noticed Eustachio
  4852 | D:5      | Killed Eustachio
  4852 | D:5      | Reached XP level 8. HP: 27/55 MP: 3/9
  5162 | D:6      | Found a shadowy altar of Dithmenos.
  5228 | D:6      | HP: 1/56 [acid (8)]
  5228 | D:6      | Slain by a jelly

Levels and vault maps discovered:
D:1:      minmay_arrival_diagonal_passages, layout_basic, minmay_pentomino_s4
D:2:      layout_basic, lemuel_crystal_altar, chequers_ecumenical_altar_simple,
          uniq_natasha
D:3:      layout_loops_cross, uniq_grinder
D:4:      layout_loops_ring
D:5:      layout_rooms, minmay_temple_entry_sparse_star, first_ration,
          nicolae_gozag_seed_capital, uniq_eustachio
D:6:      layout_basic, grunt_temple_overflow_open, lemuel_crystal_altar,
          kennysheep_nub, okawaru_trees_2

Skill      XL: |  1  2  3  4  5  6  7 |
---------------+----------------------+-----
Stealth        | 1 2 3 4 6 7 |  7.8
Fighting       | 4 5 |  5.4
Axes           | 5 |  5.0
Dodging        | 1 4 |  4.4
Short Blades   | |  1.0
Evocations     | |  2.1

Action                   |  1- 3 |  4- 6 |  7- 9 || total
-------------------------+-------+-------+-------++-------
Melee: Hand axe          |    64 |    80 |    55 ||   199
       Constrict         |    11 |    19 |    11 ||    41
       Tentacles         |     5 |    20 |    14 ||    39
       War axe           |       |       |     7 ||     7
  Use: Scroll            |     2 |     9 |     2 ||    13
       Potion            |     2 |       |     2 ||     4
 Stab: Sleeping          |     5 |    12 |     8 ||    25
       Distracted        |       |     2 |     1 ||     3
  Eat: Chunk             |     1 |     1 |       ||     2
       Ration            |       |     2 |     2 ||     4
Armor: Skin              |    21 |     4 |     2 ||    27
Dodge: Dodged            |    29 |    38 |    41 ||   108

Table legend:
 A = Non-vault XP
 B = Vault XP
 C = Vault XP percentage of total XP
 D = Non-vault monster count
 E = Vault monster count
 F = Vault count percentage of total count
                 A         B        C        D         E       F
            +---------+---------+-------+---------+---------+-------
      Total |     931 |     474 |  33.7 |      86 |       4 |   4.4
            +---------+---------+-------+---------+---------+-------
        D:1 |      38 |       1 |   2.6 |      18 |       1 |   5.3
        D:2 |     134 |      32 |  19.3 |      24 |       1 |   4.0
        D:3 |      64 |     244 |  79.2 |      19 |       1 |   5.0
        D:4 |     111 |       0 |   0.0 |       8 |       0 |   0.0
        D:5 |     496 |     197 |  28.4 |      14 |       1 |   6.7
        D:6 |      88 |       0 |   0.0 |       3 |       0 |   0.0
            +---------+---------+-------+---------+---------+-------
